 Dungeon Crawl Stone Soup version 0.31-a0-1338-gb567cfdca4 (webtiles) character file.

Game seed: 10756845728454261641

133 jestert79 the Chopper (level 5, 0/50 HPs)
             Began as an Oni Gladiator on Dec 23, 2023.
             Killed from afar by Natasha (7 damage)
             ... with a magic dart
             ... on level 2 of the Dungeon.
             The game lasted 00:03:12 (1733 turns).

jestert79 the Chopper (Oni Gladiator)               Turns: 1733, Time: 00:03:12

Health: 0/50       AC:  3    Str: 20    XL:     5   Next: 16%
Magic:  5/5        EV: 10    Int:  9    God:
Gold:   63         SH:  0    Dex: 16    Spells: 4/4 levels left

rFire   . . .        a - +0 war axe
rCold   . . .        (no shield)
rNeg    . . .        b - +0 robe
rPois   .            c - +0 hat
rElec   .            (no cloak)
rCorr   .            (gloves unavailable)
SInv    .            (boots unavailable)
Will    .....        (no amulet)
Stlth   +            k - +6 ring of dexterity
HPRegen 0.28/turn    (no ring)
MPRegen 0.09/turn

%: no passive effects
@: no status effects
A: drunken brawling, large, unfitting armour, horns 1, tough skin 1, double
potion healing
a: no special abilities


You were on level 2 of the Dungeon.
You visited 1 branch of the dungeon, and saw 2 of its levels.

You collected 63 gold pieces.

Inventory:

Hand Weapons
 a - a +0 war axe (weapon)
Missiles
 d - 3 throwing nets (quivered)
 e - a large rock
 j - 2 poisoned darts
Armour
 b - a +0 robe (worn)
 c - a +0 hat (worn)
Jewellery
 k - a +6 ring of dexterity (left hand)
Scrolls
 g - a scroll of fog {unknown}
 h - 2 scrolls of teleportation {unknown}
 i - 2 scrolls of identify {unknown}
 l - a scroll of silence {unknown}
 o - a scroll of torment {unknown}
 r - a scroll of amnesia {unknown}
Potions
 f - a potion of might {unknown}
 m - a potion of curing {unknown}
 n - a potion of haste {unknown}
 p - a potion of enlightenment {unknown}
 q - a potion of heal wounds {unknown}


   Skills:
 - Level 2.6 Fighting
 + Level 5.7 Axes
 - Level 2.0 Throwing
 - Level 2.6 Dodging


You had 4 spell levels left.
You didn't know any spells.
Your spell library was empty.

Dungeon Overview and Level Annotations

Branches:
Dungeon (2/15)

Altars:

Annotations:
D:2 Natasha


Innate Abilities, Weirdness & Mutations

Whenever you drink a potion that restores your health or magic, you attack all enemies around you.
You are too large for most types of armour.
You have a pair of small horns on your head.
You have tough skin. (AC +1)
Whenever you drink a potion that restores your health or magic, it restores twice as much.


Message History

* * * LOW HITPOINT WARNING * * *
You slash Natasha!
You kill Natasha!
Natasha growls in agony!
You have reached level 5!
You start resting.
HP restored.
You start waiting.
Natasha, Servant of Life and Death comes into view.
She is carrying a wand of flame.
Natasha hisses angrily.
Natasha zaps a wand.
The puff of flame hits you!
Natasha zaps a wand.
The puff of flame misses you.
You closely miss Natasha. Natasha claws you.
Natasha zaps a wand.
The puff of flame hits you.
You closely miss Natasha. Your headbutt misses Natasha.
Natasha zaps a wand.
The puff of flame hits you.
You hit Natasha.
Natasha is lightly wounded.
Natasha claws you.
You closely miss Natasha.
Natasha is lightly wounded.
Natasha zaps a wand.
The puff of flame hits you.
You hit Natasha. You headbutt Natasha, but do no damage.
Natasha is heavily wounded.
Natasha zaps a wand.
The puff of flame misses you.
You barely miss Natasha. Your headbutt misses Natasha.
Natasha is heavily wounded.
Natasha wildly gestures.
Natasha shimmers violently.
Natasha zaps a wand.
The puff of flame hits you!
* * * LOW HITPOINT WARNING * * *
Natasha claws you.
* * * LOW HITPOINT WARNING * * *
Unknown command.
You closely miss Natasha.
Natasha is heavily wounded.
Natasha casts a spell at you. The magic dart hits you!
You die...
Natasha curls up and begins to purr.

######## ########......#
#.....##......# #.....#.......#
######### ## #.............##
#.......# ..##.........÷....####
#...)...#
#........#.......^...###.......#
.........#.......###...........#
...........÷....@# #####.......#
....####...÷....h######........#
###.................##.........#
##...########..####....#.......#
....## ##..#.......#########
.##.# #...........##
..#.########............##
..........##..........#..#######
.<#.###...............##.......#


You could see Natasha.

Vanquished Creatures
  Natasha (twice) (D:2)
  2 gnolls (D:1)
  3 adders
  A dart slug (D:1)
  A bat (D:2)
  2 endoplasms
  3 giant cockroaches
  4 goblins
  4 hobgoblins
  3 jackals (D:2)
  A quokka (D:2)
  4 ball pythons
  2 frilled lizards
  3 rats
35 creatures vanquished.

Notes
Turn   | Place    | Note
-------+----------+-------------------------------------------
     0 | D:1      | jestert79 the Oni Gladiator began the quest for the Orb.
     0 | D:1      | Reached XP level 1. HP: 22/22 MP: 1/1
    98 | D:1      | Reached XP level 2. HP: 11/29 MP: 2/2
   342 | D:1      | Reached skill level 4 in Axes
   504 | D:1      | Reached XP level 3. HP: 26/36 MP: 3/3
  1016 | D:2      | Reached XP level 4. HP: 38/44 MP: 4/4
  1078 | D:2      | Identified the +5 mace of Fesean {flame, Int+2}
  1142 | D:2      | Noticed Natasha
  1153 | D:2      | Killed Natasha
  1154 | D:2      | Reached skill level 5 in Axes
  1252 | D:2      | Noticed Natasha
  1504 | D:2      | Killed Natasha
  1505 | D:2      | Reached XP level 5. HP: 9/50 MP: 5/5
  1723 | D:2      | Noticed Natasha
  1733 | D:2      | Killed from afar by Natasha

Illustrated notes

Levels and vault maps discovered:
D:1:      evilmike_arrival_hilbert_curve, layout_loops_ring
D:2:      layout_rooms, basic_altar, uniq_natasha

Skill      XL: |  1  2  3  4 |
---------------+-------------+-----
Axes           | 4 5 |  5.7
Fighting       | |  2.6
Throwing       | |  2.0
Dodging        | |  2.6

Action                     |  1- 3 |  4- 6 || total
---------------------------+-------+-------++-------
  Melee: War axe           |    46 |    51 ||    97
         Headbutt          |     4 |     4 ||     8
         Punch             |     1 |     1 ||     2
   Stab: Sleeping          |     1 |       ||     1
 Armour: Robe              |    32 |    41 ||    73
  Dodge: Dodged            |    15 |    29 ||    44

Table legend: (Time is in decaauts)
 A = Elapsed time spent in this place.
 B = Non-inter-level travel time spent in this place.
 C = Inter-level travel time spent in this place.
 D = Time resting spent in this place.
 E = Time spent auto-exploring this place.
 F = Levels seen in this place.
 G = Mean time per level.
                   A        B        C        D        E       F      G
               +--------+--------+--------+--------+--------+-----+--------+
         Total |   1758 |   1681 |     77 |    492 |    878 |   2 |  879.0 |
       Dungeon |   1758 |   1681 |     77 |    492 |    878 |   2 |  879.0 |
               +--------+--------+--------+--------+--------+-----+--------+

Top non-repeatable levels by time:
     D:1: 985 daAuts
     D:2: 772 daAuts
